 Dungeon Crawl Stone Soup version 0.31-a0-236-g9a0961fb85 (webtiles) character file.

Game seed: 2096380668009345697

37 qw the Shooter (level 3, 0/21 HPs)
             Began as a Gargoyle Hexslinger on July 10, 2023.
             Slain by a gnoll
             ... wielding a +0 spear
              (4 damage)
             ... on level 2 of the Dungeon.
             The game lasted 00:00:14 (283 turns).

qw the Shooter (Gargoyle Hexslinger)                 Turns: 283, Time: 00:00:15

Health: 0/21       AC:  5    Str: 11    XL:     3   Next: 41%
Magic:  4/4        EV: 12    Int: 13    God:
Gold:   56         SH:  0    Dex: 14    Spells: 3/4 levels left

rFire   . . .        Y - +1 sling
rCold   . . .        (no shield)
rNeg    + . .        c - +0 robe
rPois   inf          (no helmet)
rElec   +            (no cloak)
rCorr   .            (no gloves)
SInv    .            (no boots)
Will    .....        (no amulet)
Stlth   +            (no ring)
HPRegen 0.23/turn    (no ring)
MPRegen 0.09/turn

%: no passive effects
@: no status effects
A: sickness immunity, AC +3, negative energy resistance 1, electricity
resistance, torment resistance 1, petrification resistance
a: no special abilities


You were on level 2 of the Dungeon.
You visited 1 branch of the dungeon, and saw 2 of its levels.

You collected 56 gold pieces.


Innate Abilities, Weirdness & Mutations

You are immune to sickness and miasma.
Your stone body is resilient. (AC +3)
You are immune to poison.
You resist negative energy. (rN+)
You are resistant to electric shocks. (rElec)
You are resistant to unholy torment.
You are immune to petrification.


   Skills:
 - Level 2.0 Fighting
 + Level 3.3 Ranged Weapons
 - Level 1.5 Dodging
 - Level 1.0 Spellcasting
 - Level 2.6 Hexes


You had 3 spell levels left.
You knew the following spells:

 Your Spells              Type           Power      Damage    Failure   Level
a - Slow                  Hex            28%        N/A       10%         1

Your spell library contained the following spells:

 Spells                   Type           Power      Damage    Failure   Level
 Inner Flame              Hex/Fire       4%         N/A       43%         3
 Portal Projectile        Hex/Tloc       8%         N/A       43%         3
 Cause Fear               Hex            3%         N/A       67%         4

Inventory:

Hand Weapons
 Y - a +1 sling (weapon)
Armour
 c - a +0 robe (worn)
Scrolls
 b - a scroll of poison
Potions
 f - a potion of mutation {unknown}

Dungeon Overview and Level Annotations

Branches:
Dungeon (2/15)

Altars:


Message History

A gnoll comes into view. It is wielding a +0 spear.
Found a scroll labelled MEICIUGRI.
You shoot a sling bullet. The sling bullet hits the gnoll.
The gnoll shouts!
The gnoll is lightly wounded.
You shoot a sling bullet.
The sling bullet barely misses the gnoll.
You hear a shout! x2
A gnoll comes into view. It is wielding a +0 flail.
A gnoll comes into view. It is wielding a +0 whip.
You shoot a sling bullet. The gnoll shouts!
The sling bullet hits the gnoll.
The gnoll is heavily wounded.
You shoot a sling bullet.
The sling bullet barely misses the gnoll.
The sling bullet hits the gnoll!
The gnoll is heavily wounded.
A gnoll comes into view. It is wielding a +0 spear.
You shoot a sling bullet.
The sling bullet closely misses the gnoll.
The sling bullet hits the gnoll.
You kill the gnoll!
The gnoll hits you from afar with a +0 spear!
You shoot a sling bullet.
The sling bullet hits the gnoll but does no damage.
The gnoll is heavily wounded.
The gnoll barely misses you. The gnoll misses you.
You shoot a sling bullet. The sling bullet hits the gnoll.
The gnoll is almost dead.
The gnoll closely misses you. The gnoll hits you but does no damage.
You shoot a sling bullet.
The sling bullet hits the gnoll but does no damage.
The gnoll is almost dead.
The gnoll misses you.
The gnoll hits you from afar with a +0 spear!
You shoot a sling bullet. The sling bullet hits the gnoll.
You kill the gnoll!
The gnoll hits you from afar with a +0 spear. x2
You die...

## .. #.
#. #.##
#####..#
#..)g.@#
..####...#
.g....#
###.#..##
#. ..###
.. ..###.
?. ..##..#
...
#..#..#


You could see 2 gnolls.

Vanquished Creatures
  2 gnolls (D:2)
  2 dart slugs (D:1)
  2 endoplasms (D:1)
  A giant cockroach (D:1)
  4 goblins (D:1)
  4 hobgoblins (D:1)
  3 frilled lizards (D:1)
  5 kobolds (D:1)
  A rat (D:1)
24 creatures vanquished.

Notes
Turn   | Place    | Note
-------+----------+-------------------------------------------
     0 | D:1      | qw the Gargoyle Hexslinger began the quest for the Orb.
     0 | D:1      | Reached XP level 1. HP: 12/12 MP: 2/2
     0 | D:1      | 0 ||| qw: Version: 0.3-a-52-g30416fa
     0 | D:1      | 0 ||| qw: Game counter: 4802
     0 | D:1      | 0 ||| qw: Melee chars always use a shield: true
     0 | D:1      | 0 ||| qw: God list: Okawaru
     0 | D:1      | 0 ||| qw: Allow faded altars: false
     0 | D:1      | 0 ||| qw: Do Orc after clearing Dungeon:15 true
     0 | D:1      | 0 ||| qw: Do second Lair branch before Depths: true
     0 | D:1      | 0 ||| qw: Lair rune preference: random
     0 | D:1      | 0 ||| qw: Goals: Normal
     0 | D:1      | 0 ||| PLANNING D:1-11
    59 | D:1      | Reached XP level 2. HP: 16/16 MP: 3/3
   121 | D:1      | 121 ||| FLEEEEING.
   124 | D:1      | Reached skill level 3 in Ranged Weapons
   231 | D:1      | Reached XP level 3. HP: 21/21 MP: 4/4
   264 | D:1      | You fall into a shaft and drop 1 floor!
   271 | D:2      | 271 ||| READING scroll labelled SEFFA BEFIRIMU.
   272 | D:2      | 272 ||| READING scroll labelled BECRAO NYRPH.
   283 | D:2      | HP: 4/21 [gnoll/+0 spear (4)]
   283 | D:2      | Slain by a gnoll

Levels and vault maps discovered:
D:1:      lightli_arrival_statue_moat, layout_rooms, kennysheep_pointless_box
D:2:      layout_basic, basic_altar, grunt_ministairs_4, hangedman_glass_teeth,
          minmay_three_crescents

Skill      XL: |  1  2  3 |
---------------+----------+-----
Ranged Weapons | 3 |  3.3
Fighting       | 2 |  2.0
Dodging        | |  1.5
Spellcasting   | |  1.0
Hexes          | |  2.6

Action                     || total
---------------------------++-------
   Fire: Sling             ||    74
    Use: Scroll            ||     2
 Armour: Robe              ||     7
  Dodge: Dodged            ||    16

Table legend:
 A = Non-vault XP
 B = Vault XP
 C = Vault XP percentage of total XP
 D = Non-vault monster count
 E = Vault monster count
 F = Vault count percentage of total count
                 A         B        C        D         E       F
            +---------+---------+-------+---------+---------+-------
      Total |      68 |       0 |   0.0 |      24 |       0 |   0.0
            +---------+---------+-------+---------+---------+-------
        D:1 |      40 |       0 |   0.0 |      22 |       0 |   0.0
        D:2 |      28 |       0 |   0.0 |       2 |       0 |   0.0
            +---------+---------+-------+---------+---------+-------
